Map: Dreamcatcher LE

Players

Cure - Winner!

  • Race: Terran Terran
  • League: Master
  • Spawn Location: 5:00

Namshar

  • Race: Zerg Zerg
  • League: Master
  • Spawn Location: 11:00

Event: HomeStory Cup XVIII

VOD

Have the link to the VOD?

Description

Time

  • Played on: Nov. 22, 2018, 8:38 a.m.
  • Length: 12:20

All games in this series

Show
View Real Time Build Order
Export as new Build Order

Cure Terran - Winner!

Build Orders: Hellion Opening, Reaper Expand 

Get SALT Encoding   

  12  0:00  SCV  
  13  0:12  SCV  
  14  0:17  Supply Depot  
  14  0:25  SCV  
  15  0:38  SCV  
  15  0:40  Barracks  
  16  0:43  Refinery  
  16  0:50  SCV  
  17  1:02  SCV  
  18  1:15  SCV  
  19  1:27  Orbital Command  
  19  1:28  Reaper  
  20  1:39  Command Center  
  20  1:48  Supply Depot  
  20  1:52  SCV  
  21  1:59  Marine  
  22  2:05  SCV  
  23  2:12  Factory  
  23  2:17  SCV  
  23  2:20  Barracks Reactor  
  24  2:29  SCV  
  25  2:37  Command Center  
  25  2:41  SCV  
  26  2:47  Refinery  
  26  2:51  Orbital Command  
  26  2:53  SCV  
  27  3:00  Starport  
  27  3:05  SCV  
  28  3:11  Hellion  
  32  3:12  Hellion  
  32  3:17  SCV x2  
  34  3:20  Barracks Tech Lab  
  34  3:29  SCV x2  
  34  3:33  Hellion  
  40  3:34  Hellion  
  40  3:36  Medivac  
  42  3:41  SCV x2  
  44  3:48  Orbital Command  
  44  3:49  Marine  
  44  3:54  Hellion  
  44  3:55  Hellion  
  49  3:56  SCV  
  49  3:58  SCV  
  51  4:03  Stimpack  
  51  4:06  Supply Depot  
  51  4:07  Marine  
  52  4:11  SCV x2  
  52  4:15  SCV  
  55  4:26  Factory Reactor, SCV x2  
  55  4:30  Supply Depot, Marine  
  55  4:31  Starport Reactor  
  58  4:33  Barracks  
  58  4:35  Orbital Command, Barracks  
  58  4:38  SCV  
  58  4:39  SCV  
  60  4:47  Engineering Bay, Refinery  
  60  4:48  Engineering Bay, Marine, Refinery  
  60  4:50  SCV  
  60  4:51  SCV  
  63  5:03  SCV x2  
  63  5:04  Supply Depot  
  63  5:05  Supply Depot, SCV  
  64  5:07  Marine  
  64  5:08  Medivac  
  64  5:13  Factory Reactor  
  70  5:15  SCV x2  
  70  5:17  SCV  
  70  5:19  Terran Infantry Weapons Level 1, Terran Infantry Armor Level 1  
  70  5:21  Marine x2  
  70  5:25  Factory Tech Lab  
  70  5:27  Marine x2, SCV x2  
  76  5:29  SCV  
  76  5:30  Marine  
  78  5:35  Supply Depot  
  78  5:39  SCV x2  
  78  5:41  SCV  
  78  5:42  Marine x2  
  83  5:45  Marine x2  
  83  5:46  Siege Tank  
  83  5:48  Marine  
  89  5:53  SCV x3  
  92  6:00  Marine x2  
  92  6:03  Marine x2  
  96  6:05  Marine, Combat Shield  
  96  6:06  SCV  
  96  6:07  SCV x2  
  100  6:13  Supply Depot  
  100  6:14  Supply Depot  
  100  6:15  Supply Depot  
  100  6:21  Barracks  
  100  6:22  Barracks  
  100  6:24  Armory  
  100  6:32  SCV x3  
  103  6:33  Marine x5  
  103  6:37  Medivac x2  
  112  6:42  Siege Tank  
  112  6:45  Supply Depot  
  115  6:49  Refinery  
  115  6:50  Refinery  
  115  6:51  SCV x3  
  118  7:01  Supply Depot, Factory  
  118  7:12  Marine x4, Barracks Reactor x2  
  118  7:13  Marine  
  118  7:14  Medivac x2  
  118  7:15  SCV x3  
  119  7:29  Sensor Tower  
  119  7:32  Marine x2, Command Center  
  119  7:36  Terran Infantry Armor Level 2, Terran Infantry Weapons Level 2  
  121  7:39  Terran Vehicle Weapons Level 1  
  121  7:46  Factory Tech Lab, Siege Tank  
  124  7:54  Marine x9  
  128  8:00  Supply Depot  
  128  8:01  Supply Depot  
  128  8:08  SCV x3  
  128  8:09  Siege Tank  
  128  8:11  Marine x4  
  128  8:12  Marine x2  
  140  8:19  Medivac x2  
  139  8:22  Marine x2  
  139  8:23  Marine  
  142  8:28  Siege Tank  
  142  8:29  Marine x5  
  150  8:41  Supply Depot, Siege Tank  
  153  8:44  Supply Depot, Marine x4  
  153  8:47  Marine  
  158  8:57  Barracks x2  
  158  8:58  Barracks  
  158  9:00  Siege Tank, SCV x3  
  164  9:04  Marine x6  
  170  9:12  Marine x3  
  170  9:13  Siege Tank  
  176  9:18  Medivac x2  
  176  9:22  Planetary Fortress, Marine  
  181  9:31  Marine x6  
  181  9:35  Siege Tank  
  190  9:39  Sensor Tower  
  190  9:40  Marine x3  
  190  9:45  Siege Tank  
  190  9:49  Marine x3  
  190  9:50  Marine x3  
  193  10:00  Barracks Tech Lab x2  
  193  10:01  Barracks Tech Lab  
  166  10:09  Marine x6  
  166  10:10  Marine x2, Marauder  
  172  10:17  Siege Tank  
  172  10:20  Siege Tank  
  178  10:27  Marine x6  
  184  10:31  Marine x3, Marauder  
  184  10:32  Marauder x2  
  193  10:42  Command Center  
  193  10:45  Marine x4  
  193  10:47  Refinery x2  
  193  10:49  Marine, Siege Tank  
  196  10:51  Liberator  
  196  10:53  Siege Tank  
  159  10:58  Marine x5, Marauder x2  
  159  11:03  Marine x2  
  166  11:16  Marauder x2  
  163  11:21  Marine x2, Siege Tank  
  163  11:22  Marauder x2, Marine x4  
  164  11:34  Marine x2  
  164  11:36  Concussive Shells  
  164  11:38  Marauder x2  
  164  11:39  Marine x4  
  168  11:41  Siege Tank  
  168  11:43  Marauder x2, Medivac  
  179  11:49  Marine x2  
  179  11:52  Marine  
Show
View Real Time Build Order
Export as new Build Order

Namshar Zerg 

Build Orders: Hatch First 

Get SALT Encoding   

  12  0:00  Drone  
  13  0:12  Overlord  
  13  0:17  Drone  
  14  0:30  Drone x2  
  16  0:48  Hatchery  
  15  0:51  Drone  
  15  0:55  Drone  
  17  0:58  Drone  
  18  1:08  Extractor  
  17  1:14  Spawning Pool  
  17  1:18  Drone  
  17  1:20  Drone  
  18  1:27  Drone  
  19  1:38  Drone  
  20  1:49  Drone  
  21  2:00  Queen x2  
  21  2:01  Zergling x4  
  27  2:11  Drone, Overlord  
  28  2:21  Hatchery  
  27  2:26  Drone  
  28  2:31  Drone  
  28  2:34  Drone  
  30  2:44  Queen  
  30  2:45  Metabolic Boost  
  30  2:49  Overlord  
  32  2:51  Drone  
  32  2:55  Drone  
  32  2:56  Drone  
  35  3:01  Overlord  
  35  3:11  Drone x4  
  35  3:12  Drone  
  40  3:18  Queen  
  42  3:23  Queen  
  44  3:27  Drone  
  44  3:29  Drone x2  
  48  3:34  Drone x2  
  48  3:37  Drone  
  48  3:41  Drone x2  
  51  3:43  Queen  
  54  3:49  Drone  
  54  3:51  Baneling Nest, Zergling x2  
  55  3:56  Drone  
  55  3:58  Overlord  
  55  4:01  Drone  
  55  4:02  Drone  
  58  4:04  Overlord  
  58  4:15  Overlord  
  58  4:18  Zergling x12  
  58  4:19  Zergling x4  
  66  4:26  Overlord  
  66  4:28  Drone x6  
  72  4:41  Drone  
  72  4:42  Drone x3  
  76  4:46  Extractor  
  76  4:48  Extractor  
  76  4:50  Evolution Chamber x2  
  71  4:54  Zergling x8  
  71  4:56  Zergling x4  
  71  4:58  Drone x5  
  79  5:04  Drone x2  
  81  5:07  Drone x2, Lair  
  81  5:08  Spore Crawler  
  81  5:10  Spore Crawler x2  
  80  5:14  Drone  
  80  5:18  Drone x4  
  85  5:22  Extractor  
  85  5:23  Extractor  
  85  5:24  Zerg Ground Armor Level 1  
  85  5:26  Drone x2  
  85  5:30  Drone x3  
  85  5:31  Zerg Melee Weapons Level 1  
  88  5:49  Extractor  
  87  5:51  Drone x2  
  87  5:53  Overlord x5  
  89  6:02  Hatchery  
  88  6:05  Overlord  
  88  6:06  Hatchery  
  88  6:11  Zergling x18  
  88  6:17  Zergling x4  
  88  6:18  Baneling x4  
  98  6:24  Drone, Centrifical Hooks  
  99  6:26  Drone x3  
  99  6:27  Hydralisk Den  
  102  6:32  Zergling x2  
  102  6:33  Zergling x4  
  102  6:36  Queen  
  106  6:41  Overlord x2  
  106  6:45  Zergling x10  
  111  6:55  Baneling x4  
  111  6:57  Zergling x2  
  111  6:59  Drone x7  
  119  7:02  Muscular Augments  
  119  7:05  Infestation Pit  
  110  7:12  Zergling x2  
  110  7:13  Zergling x16  
  110  7:14  Queen  
  111  7:24  Zerg Ground Armor Level 2  
  111  7:25  Zerg Melee Weapons Level 2  
  111  7:27  Baneling x2  
  111  7:29  Hydralisk x3  
  117  7:36  Overlord x2  
  117  7:38  Drone  
  117  7:40  Drone x2  
  117  7:42  Hydralisk  
  117  7:43  Zergling x12  
  128  7:47  Baneling x4  
  126  7:53  Queen  
  126  7:55  Queen  
  126  7:57  Hive  
  130  8:00  Hydralisk x3  
  130  8:01  Zergling x2  
  135  8:06  Baneling x2  
  135  8:09  Zergling x12  
  141  8:13  Grooved Spines  
  138  8:22  Baneling x5  
  138  8:23  Overlord x2  
  138  8:26  Drone x2  
  140  8:27  Hydralisk  
  140  8:28  Zergling x10  
  146  8:34  Overlord x2  
  146  8:36  Hatchery  
  146  8:38  Drone x2  
  147  8:42  Overseer, Pneumatized Carapace  
  147  8:44  Queen  
  147  8:47  Hydralisk  
  147  8:48  Zergling x12  
  155  8:56  Hydralisk  
  155  8:57  Zergling x14, Baneling x2  
  164  9:07  Overseer  
  163  9:13  Adrenal Glands  
  163  9:15  Baneling x3  
  163  9:18  Hydralisk x3  
  163  9:19  Zergling x16  
  163  9:21  Baneling x7  
  177  9:28  Queen  
  177  9:31  Hydralisk, Zergling x2  
  173  9:32  Zergling x14  
  173  9:35  Viper  
  173  9:36  Viper  
  189  9:40  Zergling x10  
  190  9:50  Baneling  
  190  9:51  Baneling x6  
  190  9:52  Hydralisk  
  189  9:53  Zergling x18  
  189  9:59  Baneling x8  
  166  10:08  Hydralisk  
  166  10:09  Zergling x6  
  166  10:10  Zergling x18  
  169  10:20  Baneling x4  
  169  10:21  Hydralisk, Zergling x2  
  169  10:22  Zergling x14  
  177  10:30  Zergling x2  
  177  10:31  Zergling x14  
  177  10:34  Queen  
  166  10:51  Hydralisk, Zergling x2  
  166  10:52  Zergling x10  
  135  10:57  Hydralisk  
  135  10:58  Zergling x26  
  135  10:59  Zergling x6  
  135  11:00  Hydralisk  
  144  11:05  Baneling x2  
  144  11:06  Zergling x4  
  144  11:07  Zergling x2  
  142  11:15  Hydralisk x5  
  138  11:20  Baneling  
  138  11:21  Baneling x5  
  138  11:23  Hydralisk x3  
  142  11:28  Hydralisk, Zergling x4  
  142  11:29  Zergling x14  
  139  11:34  Hydralisk  
  139  11:35  Zergling x4  
  132  11:43  Hydralisk  
  132  11:44  Zergling x4  
  132  11:45  Hydralisk x2  
  138  11:50  Baneling  
  138  11:51  Baneling x2  
  138  11:52  Zergling x2  
  138  11:53  Zergling x4  
  138  11:54  Baneling  
  140  11:59  Zergling x2  
Tags
 
Add a new tag
Caveats
  • Supply blocks, unpowered buildings, or Contaminate may cause inaccurate times.
  • Supply counts are checked every 10 seconds.